 Dungeon Crawl Stone Soup version 0.13.0-18-g7b03ea5 (webtiles) character file.

8382 Ragg the Basher (level 11, -4/67 HPs)
             Began as a Gargoyle Berserker on Oct 23, 2013.
             Was a High Priest of Trog.
             Slain by Gastronok (23 damage)
             ... on Level 10 of the Dungeon.
             The game lasted 00:45:20 (7723 turns).

Ragg the Basher (Gargoyle Berserker)                Turns: 7723, Time: 00:45:20

HP  -4/67        AC 30     Str 21      XL: 11   Next: 23%
MP  20/20        EV  7     Int  8      God: Trog [*****.]
Gold 409         SH  0     Dex 12      Spells:  0 memorised, 10 levels left

Res.Fire  : . . .   See Invis. : .   w - +0,+2 orc great mace
Res.Cold  : . . .   Warding    : .   t - +0 orc chain mail
Life Prot.: + . .   Conserve   : +   (no shield)
Res.Poison: +       Res.Corr.  : .   a - +2 dwarf helmet
Res.Elec. : +       Clarity    : .   r - +2 cloak {rPois}
Sust.Abil.: . .     Spirit.Shd : .   i - +0 pair of dwarf gauntlets
Res.Mut.  : .       Stasis     : .   o - +0 pair of elf boots
Res.Rott. : +       Flight     : .   h - amulet of conservation
Saprovore : . . .                    (no ring)
                                     C - ring of magical power

@: somewhat resistant to hostile enchantments, extremely unstealthy
A: fangs 1, talons 2, life protection 1, electricity resistance, slow metabolism
1, unbreathing, petrification resistance, AC +10
a: Burn Spellbooks, Berserk, Trog's Hand, Brothers in Arms, Renounce Religion


You were on level 10 of the Dungeon.
You worshipped Trog.
Trog was extremely pleased with you.
You were not hungry.

You visited 1 branch of the dungeon, and saw 10 of its levels.
You also visited: Sewer.

You collected 389 gold pieces.

Inventory:

Hand weapons
 w - a +0,+2 orcish great mace (weapon)
 U - a +3,+2 dire flail of holy wrath
Armour
 a - a +2 dwarven helmet (worn)
 i - a +0 pair of dwarven gauntlets (worn)
 n - a +1 scale mail of cold resistance
 o - a +0 pair of elven boots (worn)
 r - a +2 cloak of poison resistance (worn)
 t - a +0 orcish chain mail (worn)
 H - a +0 ring mail of fire resistance
Magical devices
 u - a wand of enslavement (0)
 v - a wand of enslavement (7)
 G - a wand of flame (11)
 T - a wand of random effects (12)
 W - a wand of polymorph (4) {unknown}
Comestibles
 c - 10 bread rations
 j - 2 meat rations
 q - an apple
 F - 2 pears
 N - a beef jerky
Scrolls
 e - 8 scrolls of identify
 g - a scroll of amnesia
 k - 7 scrolls of remove curse
 l - 7 scrolls of teleportation
 m - a scroll of enchant armour
 p - a scroll of recharging {unknown}
 y - 4 scrolls of fog
 z - a scroll of fear
 E - a scroll of magic mapping {unknown}
 I - a scroll of curse jewellery {unknown}
 K - 3 scrolls of enchant weapon I
 M - a scroll of blinking {unknown}
 O - a scroll of silence {unknown}
 R - a scroll of immolation {unknown}
 V - a scroll of noise {unknown}
Jewellery
 h - an amulet of conservation (around neck)
 s - an uncursed amulet of resist mutation {unknown}
 C - a ring of magical power (left hand)
 S - an uncursed ring of protection from fire {unknown}
Potions
 b - a potion of slowing {unknown}
 d - a potion of blood {unknown}
 f - 9 potions of curing
 x - a potion of confusion {unknown}
 A - a potion of agility {unknown}
 B - 3 potions of flight
 D - a potion of heal wounds
 J - a potion of resistance {unknown}
 L - a potion of paralysis {unknown}
 P - a potion of might {unknown}
 Q - a potion of porridge {unknown}


   Skills:
 + Level 8.7 Fighting
 + Level 11.8 Maces & Flails
 + Level 7.9 Armour
 + Level 7.6 Dodging
 - Level 0.2 Stealth
 - Level 0.6 Evocations


You had 10 spell levels left.
You didn't know any spells.

Dungeon Overview and Level Annotations

Branches:
Dungeon (10/27)            Temple (0/1) D:7             Orc (0/4) D:9
   Lair: D:8-13

Altars:
Cheibriados
Elyvilon
Fedhas
Kikubaaqudgha
Sif Muna
Trog

Annotations:
D:8 exclusion: 2 oklob saplings
D:10 Gastronok


Innate Abilities, Weirdness & Mutations

You are resistant to torment.
You are immune to poison.
Your stone body is very resilient (AC +7).
You have very sharp teeth.
You have razor-sharp toenails.
You resist negative energy.
You are resistant to electric shocks.
You have a slow metabolism.
You can survive without breathing.
You are immune to petrification.
You are partially covered in icy blue scales (AC +1).
You are partially covered in thin metallic scales (AC +2).


Message History

You hit Gastronok. You bite Gastronok.
Gastronok is lightly wounded.
Your skin stops crawling.
You feel less resistant to hostile enchantments.
The hill giant skeleton barely misses you.
The orc simulacrum hits you but does no damage.
You sock Gastronok!
Gastronok is lightly wounded.
The hill giant skeleton hits you but does no damage.
The orc simulacrum hits you but does no damage.
Gastronok barely misses you.
You thump the orc simulacrum!
The orc simulacrum vapourises!
The hill giant skeleton hits you but does no damage.
You bludgeon Gastronok!!
Gastronok is moderately wounded.
The hill giant skeleton hits you!
* * * LOW HITPOINT WARNING * * *
Gastronok bites you!
You die...

.........# #.........#
.....$. .....#...#
#.........# .... .....#...#
#[........#
.....##+####.........#..
........)...>........'..
........)#...........#.
.........#.........##.. .
.........#......)ยง.##.....
.........#......@j....#
.........#...####Z....#
.........#...# #.....#
.........#...# #........
.........#...# #.....###
############ #.......
#...$.# #..... #..


You could see Gastronok and a hill giant skeleton.

Vanquished Creatures
  Josephine (D:10)
  Pikel (D:7)
  A hill giant (D:10)
  The ghost of Deemzul the Insei, an experienced OpMo (D:5)
  A troll (D:10)
  A two-headed ogre (D:9)
  A slime creature (D:10)
  A shadow (D:9)
  Eustachio (D:10)
  A hippogriff (D:8)
  A hungry ghost (D:9)
  Edmund (D:5)
  A soldier ant (D:9)
  An ice beast (D:10)
  A necrophage (D:10)
  2 black bears (D:6)
  3 phantoms
  4 giant goldfish (D:10)
  5 orc warriors
  3 sky beasts
  2 ogres
  A yellow wasp (D:7)
  A centaur (D:5)
  Sigmund (D:7)
  Blork the orc (D:6)
  4 electric eels (D:10)
  5 wights (D:6)
  A jellyfish (D:10)
  A hippogriff skeleton (D:9)
  4 hounds
  A giant frog zombie (D:10)
  3 crimson imps
  6 orc priests
  2 big fish
  A giant frog skeleton (D:6)
  A black bear zombie (D:10)
  10 jellies (D:10)
  Crazy Yiuf (D:6)
  A centaur skeleton (D:8)
  6 orc wizards
  A scorpion (D:8)
  5 worker ants
  A big kobold zombie (D:8)
  Ijyb (D:7)
  Jessica (D:2)
  An ogre zombie (D:3)
  A soldier ant simulacrum (D:10)
  Terence (D:2)
  18 adders
  11 gnolls
  2 giant mites
  6 worms
  2 giant eyeballs
  5 giant geckos
  14 oozes
  25 orcs
  9 giant cockroaches
  16 goblins
  8 hobgoblins
  9 jackals
  3 quokkas
  9 ball pythons
  15 bats
  2 giant newts (Sewer)
  A giant newt skeleton (D:4)
  A giant spore (D:9)
  2 hobgoblin skeletons
  15 kobolds
  2 orc simulacra (D:10)
  An orc skeleton (D:10)
  16 rats
  2 ballistomycetes
  4 fungi (D:10)
295 creatures vanquished.

Vanquished Creatures (others)
  A bat (D:7)
  A giant spore (D:6)
  A fungus (D:10)
3 creatures vanquished.

Grand Total: 298 creatures vanquished

Notes
Turn   | Place    | Note
--------------------------------------------------------------
     0 | D:1      | Ragg, the Gargoyle Berserker, began the quest for the Orb.
     0 | D:1      | Reached XP level 1. HP: 14/14 MP: 0/0
   102 | D:1      | Reached XP level 2. HP: 19/19 MP: 1/1
   239 | D:1      | Found a snail-covered altar of Cheibriados.
   564 | D:2      | Noticed Jessica
   576 | D:2      | Killed Jessica
   576 | D:2      | Reached skill level 4 in Maces & Flails
   576 | D:2      | Reached XP level 3. HP: 22/24 MP: 2/2
   646 | D:2      | Acquired Trog's second power
   655 | D:2      | Reached XP level 4. HP: 25/29 MP: 3/3
   784 | D:2      | Noticed Terence
   797 | D:2      | Killed Terence
  1198 | D:2      | Reached XP level 5. HP: 29/33 MP: 4/4
  1582 | D:3      | Reached skill level 5 in Maces & Flails
  1701 | D:3      | Reached XP level 6. HP: 22/39 MP: 5/5
  1760 | D:3      | Found a white marble altar of Elyvilon.
  1760 | D:3      | Found a deep blue altar of Sif Muna.
  2178 | D:4      | Acquired Trog's third power
  2254 | D:4      | Reached XP level 7. HP: 33/44 MP: 6/6
  2632 | D:4      | Found an ancient bone altar of Kikubaaqudgha.
  2942 | D:4      | Found a glowing drain.
  3026 | Sewer    | Entered a sewer
  3416 | D:5      | Entered Level 5 of the Dungeon
  3419 | D:5      | Reached skill level 5 in Fighting
  3534 | D:5      | Noticed Edmund
  3553 | D:5      | Killed Edmund
  3553 | D:5      | Reached skill level 6 in Maces & Flails
  3678 | D:5      | Noticed Deemzul's ghost (experienced OpMo)
  3699 | D:5      | Killed Deemzul's ghost
  3699 | D:5      | Reached skill level 5 in Armour
  3699 | D:5      | Reached XP level 8. HP: 40/49 MP: 7/7
  4018 | D:6      | Noticed Blork the orc
  4029 | D:6      | Killed Blork the orc
  4029 | D:6      | Reached skill level 7 in Maces & Flails
  4060 | D:6      | Reached skill level 5 in Dodging
  4243 | D:6      | Reached XP level 9. HP: 50/54 MP: 8/8
  4386 | D:6      | Reached skill level 8 in Maces & Flails
  4626 | D:6      | Noticed Crazy Yiuf
  4631 | D:6      | Killed Crazy Yiuf
  4774 | D:7      | Noticed Sigmund
  4825 | D:7      | Killed Sigmund
  5025 | D:7      | Found a staircase to the Ecumenical Temple.
  5030 | D:7      | Noticed Ijyb
  5036 | D:7      | Killed Ijyb
  5063 | D:7      | Found a bloodstained altar of Trog.
  5072 | D:7      | Noticed Pikel
  5089 | D:7      | Killed Pikel
  5236 | D:7      | Paralysed by a giant eyeball for 3 turns
  5669 | D:8      | Reached skill level 9 in Maces & Flails
  5670 | D:8      | Found a blossoming altar of Fedhas.
  5687 | D:8      | Received a gift from Trog
  5999 | D:8      | Reached XP level 10. HP: 60/60 MP: 10/10
  6266 | D:8      | Gained mutation: You are agile. (Dex +2) [potion of mutation]
  6266 | D:8      | Gained mutation: You are partially covered in thin metallic scales (AC +2). [potion of mutation]
  6266 | D:8      | Lost mutation: You are agile. (Dex +2) [potion of mutation]
  6267 | D:8      | Gained mutation: You are partially covered in icy blue scales (AC +1). [potion of mutation]
  6746 | D:9      | Reached skill level 10 in Maces & Flails
  6950 | D:9      | HP: 3/61 [orc priest/divine providence (12)]
  7009 | D:9      | Found a staircase to the Orcish Mines.
  7131 | D:10     | Entered Level 10 of the Dungeon
  7236 | D:10     | Noticed a hill giant
  7246 | D:10     | Killed a hill giant
  7303 | D:10     | Reached skill level 11 in Maces & Flails
  7463 | D:10     | Noticed Eustachio
  7474 | D:10     | Killed Eustachio
  7474 | D:10     | Received a gift from Trog
  7474 | D:10     | Reached XP level 11. HP: 67/67 MP: 11/11
  7699 | D:10     | Noticed Josephine
  7702 | D:10     | Noticed Gastronok
  7719 | D:10     | Killed Josephine
  7723 | D:10     | Slain by Gastronok

Action                   |  1- 3 |  4- 6 |  7- 9 | 10-12 || total
-------------------------+-------+-------+-------+-------++-------
Melee: Mace              |    54 |   159 |       |       ||   213
       Flail             |       |    99 |   250 |       ||   349
       Great mace        |       |       |   181 |   340 ||   521
Invok: Berserk           |       |     2 |     2 |       ||     4
       Trog's Hand       |       |     1 |     2 |     6 ||     9
       Burn Spellbooks   |       |       |       |     2 ||     2
Evoke: Wand              |       |       |     3 |     1 ||     4
  Use: Scroll            |     1 |     4 |    11 |     1 ||    17
       Potion            |       |       |     2 |     5 ||     7
